cohdb
Replays
Latest Replays
All Replays
Popular Replays
Top Player Replays
Match Explorer
How It Works
Community
CoH3 Stats
Reddit
Sign in to upload your games and track your stats! →
Sign in with Steam
Match 45717655
Unlisted
Match 45717655
Overview
Messages
Build Orders
End
Panzergrenadier Squad
Panzergrenadier Squad
Panzergrenadier Squad
Construct Light Support Kompanie
2.5-tonne Medical Truck
Fire Support Elements
Veteran Squad Leaders
Panzergrenadier Squad
Pak 38 Mechanized Group
Construct Panzerarmee Kommand
Combat Half-tracks
Walking Stuka Rocket Launcher
le.IG 18 Mechanized Group
Selects Armored Support Battlegroup
Selects Salvage Kits
Selects Panzer Storm
Selects Stuka Anti-tank Loiter
Petranodon
MDJ1305
DebaKLeTV
金丝猴
0
0
Comments
sign in to comment!
No comments posted yet!